 Dungeon Crawl Stone Soup version 0.27.0 (webtiles) character file.

Game seed: 10066119575721721646

613 ZARRMARR the Chopper (level 7, -3/61 HPs)
             Began as a Hill Orc Fighter on July 30, 2021.
             Slain by Edmund (6 damage)
             ... on level 6 of the Dungeon.
             The game lasted 00:18:11 (2971 turns).

ZARRMARR the Chopper (Hill Orc Fighter)             Turns: 2971, Time: 00:18:12

Health: -3/61      AC:  8    Str: 21    XL:     7   Next: 44%
Magic:  7/7        EV:  8    Int:  8    God:
Gold:   69         SH:  9    Dex: 10    Spells: 5/6 levels left

rFire    . . .     SeeInvis .   a - +0 war axe
rCold    . . .     Faith    .   c - +0 kite shield
rNeg     . . .     Spirit   .   b - +0 scale mail
rPois    .         Reflect  .   (no helmet)
rElec    .         Harm     .   l - +0 cloak
rCorr    .         Rampage  .   (no gloves)
Will     .....                  (no boots)
Stlth    ..........             (no amulet)
HPRegen  0.20/turn              (no ring)
MPRegen  0.10/turn              (no ring)

@: no status effects
A: no striking features
a: no special abilities


You were on level 6 of the Dungeon.
You visited 1 branch of the dungeon, and saw 5 of its levels.

You collected 115 gold pieces.
You spent 46 gold pieces at shops.

Inventory:

Hand Weapons
 a - a +0 war axe (weapon)
Missiles
 d - 3 boomerangs (quivered)
 g - 85 stones
Armour
 b - a +0 scale mail (worn)
 c - a +0 kite shield (worn)
 l - a +0 cloak (worn)
Magical Staves
 i - a staff of earth
Scrolls
 f - a scroll of blinking
 h - a scroll of noise
 m - a scroll of enchant weapon
Potions
 e - 2 potions of curing {unknown}
 j - a potion of flight {unknown}


   Skills:
 + Level 5.1 Fighting
 + Level 6.5 Axes
 + Level 2.1 Throwing
 + Level 4.7 Armour
 + Level 1.5 Dodging
 + Level 4.5 Shields


You had 5 spell levels left.
You knew the following spells:

 Your Spells              Type           Power      Damage    Failure   Level
a - Foxfire               Conj/Fire      0%         2x1d4     99%         1

Your spell library contained the following spells:

 Spells                   Type           Power      Damage    Failure   Level
 Conjure Flame            Conj/Fire      0%         6-21      100%        3
 Gell's Gravitas          Tloc           0%         N/A       100%        3
 Inner Flame              Hex/Fire       0%         N/A       100%        3
 Lesser Beckoning         Tloc           0%         N/A       100%        3
 Teleport Other           Tloc           0%         N/A       100%        3


Dungeon Overview and Level Annotations

Branches:
Dungeon (6/15)
 Temple: D:4-7

Altars:

Shops:
D:2 *   D:3 [

Annotations:
D:6 Edmund


Message History

Edmund hits you with a +4 vorpal flail. x2
You slash Edmund!
Edmund is severely wounded.
You block Edmund's attack.
You hit Edmund but do no damage.
Edmund is severely wounded.
Edmund closely misses you.
You completely miss Edmund.
Edmund is severely wounded.
You block Edmund's attack. Edmund hits you with a +4 vorpal flail.
You barely miss Edmund.
Edmund is severely wounded.
Edmund closely misses you.
You closely miss Edmund.
Edmund is severely wounded.
Edmund hits you with a +4 vorpal flail! Edmund hits you but does no damage.
Your shield and scale mail prevent you from hitting Edmund.
Edmund is severely wounded.
You block Edmund's attack.
You hit Edmund but do no damage.
Edmund is severely wounded.
Edmund hits you with a +4 vorpal flail.
* * * LOW HITPOINT WARNING * * *
x2 You barely miss Edmund.
Edmund is severely wounded.
You block Edmund's attack.
Edmund says, "I might not be good at magic, but I can still kill you!"
Edmund hits you with a +4 vorpal flail.
* * * LOW HITPOINT WARNING * * *
x2 You hit Edmund.
Edmund is severely wounded.
Edmund hits you with a +4 vorpal flail.
* * * LOW HITPOINT WARNING * * *
x2 You barely miss Edmund.
Edmund is severely wounded.
Edmund hits you but does no damage.
You closely miss Edmund.
Edmund is severely wounded.
Edmund hits you with a +4 vorpal flail.
You die...

###### #.......#
.....# #.......#
.....# ###.......#
....## #.'.......#
....#.####[......####
....##.##.#+###+#...
....###.#.#.# ...##
##....##..#.####@.#
...##.###.#.....@.#
.................>#
..........#######.#
##.....##.# ..#
....#####'# ..#
###........ ..# #
#........ #.# #
......... .. #
..........


You could see Edmund.

Vanquished Creatures
  An orc warrior (D:6)
  A necrophage (D:6)
  A black bear (D:6)
  A centaur (D:6)
  A phantom (D:6)
  A bullfrog zombie (D:6)
  An iguana (D:5)
  An orc wizard (D:6)
  5 adders
  2 dart slugs (D:1)
  3 orcs (D:6)
  9 bats
  3 endoplasms
  A giant cockroach (D:1)
  A goblin (D:2)
  4 hobgoblins
  6 jackals
  2 quokkas (D:2)
  4 ball pythons (D:1)
  5 frilled lizards
  4 kobolds
  2 rats (D:1)
59 creatures vanquished.

Notes
Turn   | Place    | Note
-------+----------+-------------------------------------------
     0 | D:1      | ZARRMARR the Hill Orc Fighter began the quest for the Orb.
     0 | D:1      | Reached XP level 1. HP: 19/19 MP: 1/1
     2 | D:1      | Noticed a demonspawn
     2 | D:1      | Noticed a spriggan
     4 | D:1      | Noticed a vine stalker
     6 | D:1      | Noticed a barachi
     8 | D:1      | Noticed an ogre
     8 | D:1      | Noticed a demigod
    10 | D:1      | Noticed a dwarf
    12 | D:1      | Noticed a djinni
    12 | D:1      | Noticed a troll
    14 | D:1      | Noticed a ghoul
    14 | D:1      | Noticed a minotaur
    16 | D:1      | Noticed a felid
    16 | D:1      | Noticed a gargoyle
    18 | D:1      | Noticed a merfolk
    18 | D:1      | Noticed a formicid
    20 | D:1      | Noticed a tengu
    20 | D:1      | Noticed an elf
    22 | D:1      | Noticed a naga
    22 | D:1      | Noticed a human
    24 | D:1      | Noticed a palentonga
    24 | D:1      | Noticed a draconian
    26 | D:1      | Noticed an octopode
    26 | D:1      | Noticed a vampire
    77 | D:1      | Reached XP level 2. HP: 23/27 MP: 2/2
   147 | D:1      | Learned a level 1 spell: Foxfire
   378 | D:1      | Reached XP level 3. HP: 32/33 MP: 3/3
   421 | D:1      | Reached skill level 3 in Axes
   846 | D:2      | Reached XP level 4. HP: 20/41 MP: 4/4
  1513 | D:2      | Found Jikka's Assorted Antiques.
  1518 | D:2      | Bought a scroll of identify for 46 gold pieces
  1807 | D:3      | Found Bellucat's Antique Armour Boutique.
  1807 | D:3      | You fall into a shaft and drop 3 floors!
  1837 | D:6      | Noticed a phantom
  1858 | D:6      | Killed a phantom
  1859 | D:6      | Reached skill level 4 in Axes
  1859 | D:6      | Reached skill level 1 in Throwing
  1859 | D:6      | Reached skill level 1 in Dodging
  1859 | D:6      | Reached XP level 5. HP: 22/47 MP: 5/5
  2263 | D:6      | Noticed a necrophage
  2268 | D:6      | Killed a necrophage
  2269 | D:6      | Reached skill level 5 in Axes
  2269 | D:6      | Reached XP level 6. HP: 50/53 MP: 6/6
  2338 | D:6      | Noticed an orc warrior
  2350 | D:6      | Killed an orc warrior
  2620 | D:6      | Noticed a black bear
  2624 | D:6      | Killed a black bear
  2625 | D:6      | Reached skill level 5 in Fighting
  2625 | D:6      | Reached skill level 6 in Axes
  2625 | D:6      | Reached XP level 7. HP: 53/61 MP: 7/7
  2889 | D:5      | Entered Level 5 of the Dungeon
  2947 | D:5      | Noticed Edmund
  2969 | D:6      | HP: 2/61 [Edmund (2)]
  2971 | D:6      | Slain by Edmund

Illustrated notes

Levels and vault maps discovered:
D:1:      kb_arrival_jail, layout_rooms
D:2:      layout_rooms, serial_shops, shop, feat_on_display
D:3:      layout_basic, hellmonk_ecumenical_altar_defaced_shrine, serial_shops,
          shop_fountains
D:5:      layout_loops_ring, kennysheep_potato, uniq_edmund, uniq_eustachio
D:6:      layout_basic, amethyst_killhole, ebering_dispersal_statue_hall

Skill      XL: |  1  2  3  4  5  6 |
---------------+-------------------+-----
Fighting       | 4 5 |  5.1
Axes           | 3 4 5 6 |  6.5
Armour         | 4 |  4.7
Throwing       | 1 2 |  2.1
Dodging        | 1 |  1.5
Shields        | 4 |  4.5

Action                   |  1- 3 |  4- 6 |  7- 9 || total
-------------------------+-------+-------+-------++-------
Melee: War axe           |    88 |    91 |    24 ||   203
Throw: Stone             |    14 |    37 |     6 ||    57
       Boomerang         |       |       |     6 ||     6
  Use: Scroll            |     1 |     3 |     1 ||     5
       Potion            |       |     1 |       ||     1
Armor: Scale mail        |    55 |    52 |     6 ||   113
Dodge: Dodged            |    38 |    30 |    11 ||    79
Block: Kite shield       |    46 |    48 |    24 ||   118
